 Dungeon Crawl Stone Soup version 0.23.2-1-ga50397a6bc (webtiles) character file.

Game seed: 13609144081622310418

169 Mrkan the Shield-Bearer (level 5, -2/41 HPs)
             Began as a Formicid Fighter on May 22, 2019.
             Slain by a gnoll
             ... wielding a +0 flail
              (9 damage)
             ... on level 4 of the Dungeon.
             The game lasted 00:04:06 (2129 turns).

Mrkan the Shield-Bearer (Formicid Fighter)          Turns: 2129, Time: 00:04:07

Health: -2/41      AC:  9    Str: 20    XL:     5   Next: 79%
Magic:  5/5        EV:  8    Int:  8    God:
Gold:   240        SH: 10    Dex: 11    Spells: 4/4 levels left

rFire    . . .     SeeInvis +   a - +0 flail
rCold    . . .     Gourm    .   c - +0 shield
rNeg     . . .     Faith    .   b - +0 scale mail
rPois    .         Spirit   .   (helmet unavailable)
rElec    .         Reflect  .   n - +0 cloak
rCorr    .         Harm     .   (no gloves)
MR       .....                  q - +0 pair of boots
Stlth    ..........             k - amulet of magic regeneration
HPRegen  0.13/turn              (no ring)
MPRegen  0.34/turn              (no ring)

@: no status effects
A: permanent stasis, dig shafts and tunnels, four strong arms, antennae 3
a: Dig, Shaft Self


You were on level 4 of the Dungeon.
You were very hungry.

You visited 1 branch of the dungeon, and saw 4 of its levels.

You collected 240 gold pieces.

Inventory:

Hand Weapons
 a - a +0 flail (weapon)
Armour
 b - a +0 scale mail (worn)
 c - a +0 shield (worn)
 n - a +0 cloak (worn)
 q - a +0 pair of boots (worn)
Jewellery
 k - an amulet of magic regeneration (around neck)
Scrolls
 e - 2 scrolls of teleportation {unknown}
 g - a scroll of remove curse {unknown}
 h - a scroll of enchant armour {unknown}
 i - a scroll of identify {unknown}
 j - 2 scrolls of random uselessness {unknown}
 l - 2 scrolls of blinking {unknown}
 o - 2 scrolls of noise {unknown}
Potions
 d - a potion of might
 p - a potion of lignification {unknown}
Comestibles
 f - 8 rations


   Skills:
 - Level 3.2 Fighting
 * Level 4.1 Maces & Flails
 - Level 3.2 Armour
 * Level 5.7 Shields


You had 4 spell levels left.
You didn't know any spells.
Your spell library was empty.

Dungeon Overview and Level Annotations

Branches:
Dungeon (4/15)
 Temple: D:4-7

Altars:
Fedhas


Innate Abilities, Weirdness & Mutations

You cannot be hasted, slowed, berserked, paralysed or teleported.
You can dig through walls and to a lower floor.
Your four strong arms can wield two-handed weapons with a shield.
You have a pair of large antennae on your head. (SInv)


Message History

The gnoll hits you with a +0 halberd.
* * * LOW HITPOINT WARNING * * *
You hit the gnoll.
You kill the gnoll!
You hit the gnoll.
The gnoll is moderately wounded.
The gnoll hits you but does no damage.
You barely miss the gnoll.
The gnoll is moderately wounded.
The gnoll barely misses you.
You closely miss the gnoll.
The gnoll is moderately wounded.
You block the gnoll's attack.
You hit the gnoll but do no damage.
The gnoll is moderately wounded.
You block the gnoll's attack.
You closely miss the gnoll.
The gnoll is moderately wounded.
The gnoll hits you with a +0 flail!
You die...

...........#.##....
.#####.##>........
#........#.#.....
##.##.#..#.##.#. #
...#..#{# ..
{###+#######..#
{#............#
{#....##.###.#######.#
{+.......##..g@......#
#....##.#############
#....##.# #....##.#
#....##.# #######.#
#.# #.# #.#


You could see a gnoll.

Vanquished Creatures
  2 worker ants (D:4)
  2 gnolls (D:4)
  4 adders (D:3)
  A worm (D:3)
  4 dart slugs
  8 bats
  3 giant cockroaches
  4 goblins
  3 hobgoblins
  8 jackals
  A quokka (D:2)
  4 frilled lizards
  9 kobolds
  6 rats
59 creatures vanquished.

Notes
Turn   | Place    | Note
-------+----------+-------------------------------------------
     0 | D:1      | Mrkan the Formicid Fighter began the quest for the Orb.
     0 | D:1      | Reached XP level 1. HP: 18/18 MP: 1/1
   169 | D:1      | Reached XP level 2. HP: 22/24 MP: 2/2
   182 | D:1      | Reached skill level 4 in Shields
   397 | D:1      | Reached XP level 3. HP: 28/29 MP: 3/3
  1008 | D:2      | Found a faded altar of an unknown god.
  1079 | D:2      | You fall through a shaft!
  1083 | D:3      | Reached XP level 4. HP: 35/35 MP: 4/4
  1185 | D:3      | Reached skill level 5 in Shields
  1265 | D:3      | Found a blossoming altar of Fedhas.
  1502 | D:3      | Reached XP level 5. HP: 41/41 MP: 5/5
  2129 | D:4      | Slain by a gnoll

Skill      XL: |  1  2  3  4  5 |
---------------+----------------+-----
Shields        | 4 5 |  5.7
Maces & Flails | 3 4 |  4.1
Fighting       | |  3.2
Armour         | |  3.2

Action                   |  1- 3 |  4- 6 || total
-------------------------+-------+-------++-------
Melee: Flail             |   113 |   104 ||   217
  Eat: Chunk             |       |     3 ||     3
Armor: Scale mail        |    73 |    49 ||   122
Dodge: Dodged            |    48 |    31 ||    79
Block: Shield            |    78 |    48 ||   126
